 Dungeon Crawl Stone Soup version 0.25-a0-292-gaa31f046c4 (webtiles) character file.

Game seed: 14823531512509527490, levelgen mode: classic

357 Borgoz the Sneak (level 6, -1/42 HPs)
             Began as a Halfling Assassin on Dec 15, 2019.
             Killed from afar by an orc wizard (6 damage)
             ... with a magic dart
             ... on level 4 of the Dungeon.
             The game lasted 00:05:39 (3294 turns).

Borgoz the Sneak (Halfling Assassin)                Turns: 3294, Time: 00:05:40

Health: -1/42      AC:  5    Str: 12    XL:     6   Next: 96%
Magic:  6/6        EV: 14    Int:  9    God:
Gold:   139        SH:  2    Dex: 18    Spells: 5/5 levels left

rFire    . . .     SeeInvis .   r - +0 short sword (curse)
rCold    . . .     Gourm    .   (shield restricted)
rNeg     . . .     Faith    .   l - +0 ring mail
rPois    .         Spirit   .   (no helmet)
rElec    .         Reflect  +   k - scarf {repulsion}
rCorr    .         Harm     .   (no gloves)
MR       .....                  (no boots)
Stlth    +++.......             p - +2 amulet of reflection
HPRegen  0.14/turn              (no ring)
MPRegen  0.10/turn              (no ring)

@: about to teleport, flying (expiring), slowed, repel missiles, very slow
A: small, mutation resistance 1
a: no special abilities


You were on level 4 of the Dungeon.
You were not hungry.

You visited 1 branch of the dungeon, and saw 4 of its levels.

You collected 139 gold pieces.

Inventory:

Hand Weapons
 a - a +2 dagger
 b - a +0 dagger of protection
 r - a cursed +0 short sword (weapon)
Missiles
 d - 24 poisoned darts (quivered)
 e - 2 curare-tipped darts
Armour
 k - a scarf of repulsion (worn)
 l - a +0 ring mail (worn)
 t - a +0 crystal plate armour
Jewellery
 p - a +2 amulet of reflection (around neck)
Wands
 o - a wand of acid (7)
 v - a wand of flame (16)
Scrolls
 h - a scroll of magic mapping {unknown}
 j - 4 scrolls of remove curse {unknown}
 m - a scroll of immolation {unknown}
 n - a scroll of enchant armour {unknown}
 q - a scroll of enchant weapon
 u - 3 scrolls of identify
Potions
 c - a potion of mutation
 g - a potion of flight
Comestibles
 f - 5 rations


   Skills:
 + Level 3.1 Fighting
 + Level 4.2 Short Blades
 - Level 2.0 Throwing
 + Level 3.0 Armour
 + Level 3.2 Dodging
 + Level 5.5 Stealth


You had 5 spell levels left.
You didn't know any spells.
Your spell library was empty.

Dungeon Overview and Level Annotations

Branches:
Dungeon (4/15)
 Temple: D:4-7

Altars:
Fedhas
Kikubaaqudgha
Makhleb
Nemelex Xobeh

Annotations:
D:4 Ijyb


Innate Abilities, Weirdness & Mutations

You are small and have problems with some larger weapons.
You are somewhat resistant to further mutation.


Message History

The puff of flame hits you!
* * * LOW HITPOINT WARNING * * *
Unknown command.
As you read the scroll labeled ROLA YDWEIGAIS, it crumbles to dust.
You hear a loud clanging noise!
It was a scroll of noise.
You hear a shout!
You hear an angry hiss.
Ijyb hits you but does no damage. You block the orc priest's attack.
Something barely misses you. Ijyb completely misses you.
The orc priest closely misses you. Something hits you but does no damage.
Okay, then.
As you read the scroll labeled HITIMM OFFIU, it crumbles to dust.
You feel strangely unstable.
It was a scroll of teleportation.
You are starting to lose your buoyancy.
Ijyb closely misses you.
The orc priest hits you but does no damage.
You hear some strange, mumbled words.
A magic dart appears from out of thin air!
The magic dart hits you.
You die...

. .. ...
.... [....
......#####
#Sg@{o#
#####oo..#
Zo....#
###.### #


You could see Ijyb, an orc priest, an adder and 3 orcs.

Vanquished Creatures
  Sigmund (D:4)
  A hound (D:3)
  An orc wizard (D:3)
  4 adders
  3 worms
  A dart slug (D:1)
  A leopard gecko (D:2)
  13 orcs
  2 giant cockroaches (D:2)
  12 goblins
  8 hobgoblins
  2 jackals (D:2)
  5 kobolds
  A ball python (D:2)
  10 bats
  A frilled lizard (D:2)
  6 rats
72 creatures vanquished.

Vanquished Creatures (others)
  Natasha (D:4)
  An orc (D:4)
2 creatures vanquished.

Grand Total: 74 creatures vanquished

Notes
Turn   | Place    | Note
-------+----------+-------------------------------------------
     0 | D:1      | Borgoz the Halfling Assassin began the quest for the Orb.
     0 | D:1      | Reached XP level 1. HP: 14/14 MP: 1/1
   109 | D:1      | Reached XP level 2. HP: 19/19 MP: 2/2
   370 | D:1      | Reached XP level 3. HP: 24/24 MP: 3/3
   439 | D:2      | Reached skill level 1 in Armour
   724 | D:2      | Reached XP level 4. HP: 5/29 MP: 4/4
  2142 | D:3      | Reached XP level 5. HP: 35/35 MP: 5/5
  2213 | D:3      | Reached skill level 5 in Stealth
  2842 | D:3      | Found a burning altar of Makhleb.
  2865 | D:3      | Found a sparkling altar of Nemelex Xobeh.
  2961 | D:3      | Found an ancient bone altar of Kikubaaqudgha.
  2961 | D:3      | Found a blossoming altar of Fedhas.
  3079 | D:3      | Reached XP level 6. HP: 41/41 MP: 6/6
  3265 | D:4      | Noticed Ijyb
  3265 | D:4      | Noticed Sigmund
  3269 | D:4      | Killed Sigmund
  3277 | D:4      | Noticed Natasha
  3283 | D:4      | Killed Natasha
  3294 | D:4      | Killed from afar by an orc wizard

Levels and vault maps discovered:
D:1:      minmay_arrival_glassed_features, layout_rooms
D:2:      layout_basic, first_ration, grunt_decor_arrowhead, solitary_fountain,
          chequers_hall_statues_wall_a
D:3:      layout_loops_ring, grunt_temple_overflow_growth_and_decay,
          makhleb_heckhound_becter, nemelex_xobeh_ov_fountains_minmay
D:4:      layout_rooms, overflow_temple_1_default,
          gammafunk_temple_overflow_claw, minmay_temple_entry_metal_lava,
          nicolae_qazlal_general_emergency, uniq_edmund, uniq_ijyb,
          uniq_natasha, uniq_sigmund

Skill      XL: |  1  2  3  4  5  6 |
---------------+-------------------+-----
Fighting       | 2 3 |  3.1
Armour         | 1 2 3 |  3.0
Short Blades   | 3 4 |  4.2
Dodging        | 2 3 |  3.2
Stealth        | 5 |  5.5
Throwing       | |  2.0

Action                   |  1- 3 |  4- 6 || total
-------------------------+-------+-------++-------
Melee: Dagger            |    81 |     8 ||    89
       Short sword       |       |   260 ||   260
  Use: Potion            |     1 |     4 ||     5
       Scroll            |       |     6 ||     6
 Stab: Sleeping          |     5 |     7 ||    12
  Eat: Chunk             |       |     8 ||     8
Armor: Robe              |    14 |       ||    14
       Scale mail        |       |    24 ||    24
       Ring mail         |       |    36 ||    36
       Skin              |       |    49 ||    49
       Crystal plate arm |       |    46 ||    46
Dodge: Dodged            |    49 |   134 ||   183
       Deflected         |       |     5 ||     5
Block: Other             |       |     6 ||     6

Table legend:
 A = Non-vault XP
 B = Vault XP
 C = Vault XP percentage of total XP
 D = Non-vault monster count
 E = Vault monster count
 F = Vault count percentage of total count
                 A         B        C        D         E       F
            +---------+---------+-------+---------+---------+-------
      Total |     230 |     281 |  55.0 |      70 |       2 |   2.8
            +---------+---------+-------+---------+---------+-------
        D:1 |      29 |       0 |   0.0 |      16 |       0 |   0.0
        D:2 |      90 |       0 |   0.0 |      29 |       0 |   0.0
        D:3 |     108 |      43 |  28.5 |      24 |       1 |   4.0
        D:4 |       3 |     238 |  98.8 |       1 |       1 |  50.0
            +---------+---------+-------+---------+---------+-------
